 Dungeon Crawl Stone Soup version 0.22-a0-609-gfedc9ff (webtiles) character file.

11649 roguesci the Covert (level 11, -1/99 HPs)
             Began as a Naga Transmuter on May 13, 2018.
             Was a High Priest of Cheibriados.
             Slain by a blink frog (19 damage)
             ... on level 2 of the Lair of Beasts on Aug 27, 2018.
             The game lasted 00:53:32 (15384 turns).

roguesci the Covert (Naga Transmuter)              Turns: 15384, Time: 00:53:33

Health: -1/99      AC:  3    Str: 28    XL:     11   Next: 81%
Magic:  23/23      EV: 32    Int: 26    God:    Cheibriados [*****.]
Gold:   259        SH:  0    Dex: 28    Spells: 21/27 levels left

rFire    . . .     SeeInvis +     - Unarmed
rCold    . . .     Gourm    .   (shield currently unavailable)
rNeg     . . .     Faith    .   (armour currently unavailable)
rPois    x         Spirit   .   (helmet currently unavailable)
rElec    .         Reflect  .   (cloak currently unavailable)
rCorr    .         Harm     .   (gloves currently unavailable)
MR       +....                  (no barding)
Stlth    +++.......             (no amulet)
HPRegen  0.26/turn              q - +1 ring of protection
MPRegen  0.18/turn              l - +2 ring of evasion

@: lethally poisoned (-1 -> -34), spider-form, slowed, drained, very slow
A: tiny, see invisible, slow metabolism 1, spit poison 1, AC +3
a: Spit Poison, End Transformation, Bend Time, Temporal Distortion, Slouch, Step
From Time, Renounce Religion


You were on level 2 of the Lair of Beasts.
You worshipped Cheibriados.
Cheibriados was extremely pleased with you.
You were not hungry.
You were a venomous arachnid creature.
You visited 3 branches of the dungeon, and saw 13 of its levels.
You also visited: Ossuary.

You collected 596 gold pieces.
You spent 337 gold pieces at shops.

Inventory:

Hand Weapons
 w - a +1 whip of draining
 C - a +0 dagger of venom (melded)
Missiles
 c - 326 stones (quivered)
Armour
 b - a +1 robe (melded)
 f - a +0 helmet (melded)
 i - a +0 cloak (melded)
 I - a +0 pair of gloves (melded)
Jewellery
 l - a +2 ring of evasion (right front leg)
 q - a +1 ring of protection (left front leg)
 r - an uncursed ring of ice
 v - an uncursed ring of stealth
 D - an uncursed amulet of the gourmand
Wands
 h - a wand of iceblast (11)
 o - a wand of polymorph (19)
 p - a wand of acid (17)
 t - a wand of flame (37)
Scrolls
 a - 4 scrolls of teleportation
 e - 3 scrolls of remove curse {unknown}
 g - 3 scrolls of amnesia {unknown}
 j - 5 scrolls of identify
 k - 2 scrolls of fog {unknown}
 m - 2 scrolls of enchant armour
 s - 3 scrolls of immolation
 x - a scroll of noise {unknown}
 y - 2 scrolls of blinking
 E - a scroll of acquirement {unknown}
 F - a scroll of random uselessness {unknown}
 G - a scroll of magic mapping {unknown}
 H - a scroll of fear
 J - a scroll of vulnerability {unknown}
Potions
 n - 2 potions of lignification
 u - 2 potions of mutation {unknown}
 z - 3 potions of curing {unknown}
 A - a potion of resistance {unknown}
 B - 6 potions of heal wounds
Comestibles
 d - 21 rations


   Skills:
 + Level 6.4(6.1) Fighting
 * Level 7.9(7.6) Dodging
 + Level 9.8(9.5) Stealth
 + Level 7.0(6.7) Unarmed Combat
 * Level 8.7(8.4) Spellcasting
 + Level 6.7(6.4) Transmutations
 - Level 4.0(3.7) Poison Magic


You had 21 spell levels left.
You knew the following spells:

 Your Spells              Type           Power        Failure   Level  Hunger
a - Beastly Appendage     Tmut           #####.       3%          1    None
b - Spider Form           Tmut/Pois      #####.....   8%          3    None
c - Apportation           Tloc           ##....       16%         1    None
d - Summon Small Mammal   Summ           ##..         16%         1    None

Your spell library contained the following spells:

 Spells                   Type           Power        Failure   Level  Hunger
 Animate Skeleton         Necr           N/A          16%         1    None
 Blade Hands              Tmut           #####.....   26%         5    ####...
 Ice Form                 Ice/Tmut       ####....     32%         4    ##.....
 Confusing Touch          Hex            ##....       16%         1    None
 Sticks to Snakes         Tmut           #####...     3%          2    None


Dungeon Overview and Level Annotations

Branches:
Dungeon (10/15)            Temple (1/1) D:7            Lair (2/6) D:9
  Swamp: Lair:2-4    Shoals: Lair:2-4     Snake: Lair:2-4    Spider: Lair:2-4
    Orc: D:9-12

Altars:
Cheibriados
Dithmenos
Fedhas
Gozag
Nemelex Xobeh
Sif Muna
Trog
Vehumet
Yredelemnul
Zin

Shops:
D:4 [   D:10 :!?

Annotations:
Lair:2 Sonja


Innate Abilities, Weirdness & Mutations

You cannot wear boots.
((Your serpentine skin is tough. (AC +3)))
You have supernaturally acute eyesight. (SInv)
((Armour fits poorly on your strangely shaped body.))
((Your system is resistant to poisons. (rPois)))
((You cover ground very slowly.))
You have a slow metabolism.
You can spit poison.


Message History

Sonja unwields an uncursed enchanted blowgun.
Sonja wields an uncursed short sword of draining.
You sense an unholy aura.
Sonja hits you with an uncursed short sword of draining.
* * * LOW HITPOINT WARNING * * *
You feel drained. Sonja misses you. Sonja completely misses you.
The blink frog completely misses you. The blink frog barely misses you.
The adder completely misses you. The yak misses you. Sonja closely misses you.
Sonja completely misses you. Sonja misses you.
The blink frog completely misses you. The yak gores you.
* * * LOW HITPOINT WARNING * * *
The blink frog closely misses you. The yak misses you. The adder misses you.
The yak completely misses you.
You hit the yak.
The yak looks as sick as possible!
The yak is heavily wounded.
* * * LOW HITPOINT WARNING * * *
You feel very sick.
Sonja gestures wildly while chanting.
Sonja blinks!
The blink frog completely misses you. The blink frog hits you!!
You die...

.♣..≈≈.≈.≈..≈≈
♣..≈≈.≈.≈.≈..≈
.♣.≈≈≈≈..≈≈....
!..≈.≈≈≈≈....≈.
..≈.≈.≈..≈≈.≈.≈
♣.≈≈..≈.≈.≈.≈≈.
♣≈..≈≈§≈Y≈.F..≈
♣≈.≈.≈FsSY.≈.≈.
♣≈≈.≈.YYFY≈≈≈.≈
..≈....YF..≈≈≈≈
K♣≈≈..≈.≈.F.≈≈.
..♣≈≈..≈.≈.§≈..
#...≈≈≈..≈≈....
#...♣.≈≈≈......
..P....♣.......


You could see 6 yaks, 4 blink frogs, Sonja, a bullfrog and an adder.

Vanquished Creatures
  3 two-headed ogres
  The ghost of galech the Fighter, a novice GnWn of Okawaru (D:6)
  A black mamba (Lair:1)
  A spiny frog (Lair:1)
  A komodo dragon (Lair:1)
  A hornet (D:7)
  A hippogriff (D:9)
  A spriggan (D:7)
  A wyvern (D:5)
  3 yaks (D:9)
  Eustachio (D:6)
  17 water moccasins (Lair:1)
  3 porcupines (Lair:1)
  6 orc warriors
  An ice beast (D:9)
  2 sky beasts
  A black bear (D:9)
  4 phantoms
  2 ogres
  4 centaurs
  A crocodile (Lair:1)
  2 big kobolds
  8 bullfrogs
  4 water moccasin zombies
  A scorpion (D:9)
  3 wights (D:5)
  5 howler monkeys
  3 crimson imps
  A quasit (D:9)
  7 hounds
  3 jellies
  A gnoll shaman (D:7)
  7 orc priests
  4 bullfrog skeletons
  11 orc wizards
  2 iguanas
  9 worker ants
  A killer bee zombie (D:7)
  3 big kobold zombies (Ossuary)
  2 hound skeletons
  2 mummies (Ossuary)
  A worker ant zombie (D:10)
  28 adders
  8 gnolls
  A shadow imp (D:4)
  3 oozes
  2 adder skeletons (D:5)
  8 adder zombies (Ossuary)
  4 worms
  3 dart slugs
  4 leopard geckos
  57 orcs
  A ball python (D:2)
  11 giant cockroaches
  6 gnoll zombies (Ossuary)
  5 goblins
  6 hobgoblins
  11 jackals
  18 kobolds
  3 quokkas
  A ball python skeleton (D:4)
  4 bats
  9 frilled lizards
  5 hobgoblin zombies (Ossuary)
  A jackal zombie (D:6)
  5 kobold zombies (Ossuary)
  A leopard gecko skeleton (D:4)
  5 orc zombies (Ossuary)
  2 quokka skeletons
  11 rats
359 creatures vanquished.

Vanquished Creatures (others)
  A fungus (Lair:1)
1 creature vanquished.

Grand Total: 360 creatures vanquished

Notes
Turn   | Place    | Note
-------+----------+-------------------------------------------
     0 | D:1      | roguesci the Naga Transmuter began the quest for the Orb.
     0 | D:1      | Reached XP level 1. HP: 18/18 MP: 3/3
   517 | D:1      | Reached XP level 2. HP: 15/25 MP: 5/5
   957 | D:1      | Reached skill level 1 in Stealth
  1292 | D:1      | Reached XP level 3. HP: 31/31 MP: 6/6
  1297 | D:1      | Learned a level 3 spell: Spider Form
  1530 | D:2      | HP: 1/31 [orc wizard/dagger (4)]
  1542 | D:2      | Reached XP level 4. HP: 3/38 MP: 1/7
  2473 | D:2      | Reached skill level 1 in Poison Magic
  2620 | D:2      | Reached skill level 2 in Stealth
  3068 | D:3      | Reached XP level 5. HP: 45/45 MP: 9/9
  3100 | D:3      | Found a blossoming altar of Fedhas.
  3339 | D:3      | Found a faded altar of an unknown god.
  3931 | D:4      | Noticed an ogre
  4201 | D:3      | Killed an ogre
  4201 | D:3      | Reached skill level 3 in Stealth
  4201 | D:3      | Reached XP level 6. HP: 48/52 MP: 7/10
  4360 | D:4      | Found Rauxt's Armour Emporium.
  4663 | D:4      | Reached XP level 7. HP: 52/61 MP: 12/12
  5280 | D:4      | Found a bloodstained altar of Trog.
  5351 | D:5      | Entered Level 5 of the Dungeon
  5752 | D:5      | Reached skill level 4 in Stealth
  5900 | D:5      | Reached XP level 8. HP: 53/68 MP: 10/14
  6304 | D:5      | Reached skill level 5 in Stealth
  6618 | D:6      | Noticed Eustachio
  6632 | D:6      | Noticed galech's ghost (novice GnWn)
  6832 | D:6      | Noticed a wyvern
  6856 | D:5      | Killed a wyvern
  6856 | D:5      | Reached skill level 5 in Spellcasting
  7005 | D:6      | Reached XP level 9. HP: 72/76 MP: 16/16
  7022 | D:6      | Killed Eustachio
  7239 | D:6      | Killed galech's ghost
  7239 | D:6      | Reached skill level 5 in Dodging
  7239 | D:6      | Reached skill level 6 in Stealth
  7239 | D:6      | Reached skill level 5 in Unarmed Combat
  7556 | D:6      | Learned a level 1 spell: Apportation
  7558 | D:6      | Learned a level 1 spell: Summon Small Mammal
  7992 | D:7      | Found a staircase to the Ecumenical Temple.
  8021 | Temple   | Entered the Ecumenical Temple
  8035 | Temple   | Became a worshipper of Cheibriados the Contemplative
  8088 | D:7      | Reached skill level 7 in Stealth
  8100 | D:7      | Reached skill level 5 in Transmutations
  8432 | D:7      | Reached XP level 10. HP: 73/87 MP: 16/19
  8563 | D:7      | Reached * piety under Cheibriados
  9351 | D:8      | Found a sand-covered staircase.
  9356 | Ossuary  | Entered an ossuary
  9441 | Ossuary  | Reached ** piety under Cheibriados
  9577 | Ossuary  | Reached skill level 5 in Fighting
  9695 | Ossuary  | Reached *** piety under Cheibriados
 10310 | D:8      | Reached skill level 8 in Stealth
 10481 | D:8      | Noticed a two-headed ogre
 10501 | D:8      | Killed a two-headed ogre
 10763 | D:8      | Found an opulent altar of Gozag.
 11303 | D:9      | Reached **** piety under Cheibriados
 11565 | D:9      | Found a staircase to the Lair.
 11596 | D:9      | Noticed a two-headed ogre
 11597 | D:9      | Noticed a two-headed ogre
 11612 | D:8      | Killed a two-headed ogre
 11612 | D:8      | Reached XP level 11. HP: 75/97 MP: 22/22
 11793 | D:9      | Killed a two-headed ogre
 11793 | D:9      | Reached skill level 9 in Stealth
 12216 | D:10     | Entered Level 10 of the Dungeon
 12216 | D:10     | Found Lyli's Distillery.
 12410 | D:10     | Bought 2 potions of heal wounds for 150 gold pieces
 12410 | D:10     | Bought a potion of heal wounds for 75 gold pieces
 12413 | D:10     | Found Rungoliff's Magic Scroll Emporium.
 12424 | D:10     | Bought a scroll of blinking for 112 gold pieces
 12442 | D:10     | Found Onybaet's Book Shop.
 12505 | Lair:1   | Entered Level 1 of the Lair of Beasts
 13940 | Lair:1   | Reached ***** piety under Cheibriados
 15372 | Lair:2   | Noticed Sonja
 15384 | Lair:2   | Slain by a blink frog

Vault maps used:
D:1:      minmay_arrival_shattered_statue, minmay_tetromino_s4
D:2:      first_ration
D:3:      fedhas_altar_4, chequers_ecumenical_altar_island
D:4:      serial_shops, shop_fountains, trog_book
D:6:      uniq_eustachio
D:7:      minmay_temple_entry_statues_pillars, the_bakery,
          kennysheep_big_empty_room
D:8:      nicolae_ossuary_entry_ruins,
          nicolae_gozag_cash_rules_everything_around_me
D:9:      lair_entry_dummy
D:10:     serial_shops, shop, nicolae_shop_stone, shop, shop,
          david_defended_altar_elf
Temple:   nicolae_temple_the_god_donut
Lair:1:   lemuel_reptile_caves
Lair:2:   guppyfry_snake_entry_island, nicolae_quartered_pool_super,
          lemuel_fruit_fields, uniq_sonja
Ossuary:  ossuary_tomb_2

Skill      XL: |  1  2  3  4  5  6  7  8  9 10 11 |
---------------+----------------------------------+-----
Stealth        | 1 2 3 4 5 7 8 9 |  9.8
Dodging        | 2 3 4 5 7 |  7.9
Poison Magic   | 1 2 3 4 |  4.0
Spellcasting   | 3 4 5 6 7 8 |  8.7
Fighting       | 2 3 4 5 6 |  6.4
Transmutations | 3 4 5 6 |  6.7
Unarmed Combat | 4 5 6 7 |  7.0

Action                   |  1- 3 |  4- 6 |  7- 9 | 10-12 || total
-------------------------+-------+-------+-------+-------++-------
Melee: Unarmed           |    84 |   114 |   377 |   672 ||  1247
       Headbutt          |     5 |     3 |       |       ||     8
       Short sword       |       |    97 |    51 |       ||   148
       Punch             |       |     1 |     1 |     5 ||     7
       Dagger            |       |       |       |    48 ||    48
       Whip              |       |       |       |    11 ||    11
Throw: Stone             |    10 |       |    39 |       ||    49
 Cast: Beastly Appendage |    10 |     1 |       |       ||    11
       Spider Form       |     1 |    14 |    46 |    58 ||   119
       Summon Small Mamm |       |       |     1 |     9 ||    10
 Abil: Spit Poison       |     6 |     2 |    13 |     4 ||    25
       End Transformatio |       |       |     1 |     5 ||     6
  Use: Scroll            |     5 |       |     7 |     3 ||    15
       Potion            |     4 |       |     1 |     4 ||     9
 Stab: Sleeping          |       |     6 |     2 |    19 ||    27
       Distracted        |       |       |     1 |     2 ||     3
  Eat: Chunk             |     1 |    12 |    10 |     6 ||    29
       Ration            |       |       |     1 |     2 ||     3
Armor: Robe              |    18 |    45 |    10 |    32 ||   105
       Skin              |       |    16 |    16 |    95 ||   127
Dodge: Dodged            |    54 |   125 |   400 |   898 ||  1477

Table legend:
 A = Spawn XP
 B = Non-spawn XP
 C = Spawn XP percentage of total XP
 D = Spawn monster count
 E = Non-spawn monster count
 F = Spawn count percentage of total count
 G = Total turns spent on level
                    A         B        C        D         E        F      G
               +---------+---------+-------+---------+---------+-------+---------
         Total |       0 |   16642 |   0.0 |       0 |     359 |   0.0 | 15384
               +---------+---------+-------+---------+---------+-------+---------
           D:1 |       0 |      37 |   0.0 |       0 |      21 |   0.0 |  1437
           D:2 |       0 |     123 |   0.0 |       0 |      28 |   0.0 |  1574
           D:3 |       0 |     261 |   0.0 |       0 |      28 |   0.0 |  1205
           D:4 |       0 |     339 |   0.0 |       0 |      20 |   0.0 |  1396
           D:5 |       0 |    1454 |   0.0 |       0 |      46 |   0.0 |  1450
           D:6 |       0 |    1477 |   0.0 |       0 |      25 |   0.0 |   718
           D:7 |       0 |    1965 |   0.0 |       0 |      44 |   0.0 |  1497
           D:8 |       0 |    2769 |   0.0 |       0 |      30 |   0.0 |  1476
           D:9 |       0 |    2660 |   0.0 |       0 |      27 |   0.0 |  1218
          D:10 |       0 |     114 |   0.0 |       0 |       5 |   0.0 |   116
        Lair:1 |       0 |    4936 |   0.0 |       0 |      47 |   0.0 |  2856
        Lair:2 |       0 |      90 |   0.0 |       0 |       1 |   0.0 |    23
       Ossuary |       0 |     417 |   0.0 |       0 |      37 |   0.0 |   388
               +---------+---------+-------+---------+---------+-------+---------
